 Dungeon Crawl Stone Soup version 0.30-a0-170-g85af917532 (webtiles) character file.

Game seed: 15955226061465828139

3845 qw the Cleaver (level 10, -4/63 HPs)
             Began as a Gargoyle Fighter on Oct 1, 2022.
             Slain by a komodo dragon (18 damage)
             ... on level 7 of the Dungeon.
             The game lasted 00:03:14 (8690 turns).

qw the Cleaver (Gargoyle Fighter)                   Turns: 8690, Time: 00:03:15

Health: -4/63      AC: 27    Str: 23    XL:     10   Next: 18%
Magic:  10/10      EV:  7    Int: 10    God:
Gold:   369        SH:  4    Dex:  9    Spells: 9/9 levels left

rFire   . . .      SeeInvis +    Y - +2 war axe
rCold   . . .      Faith    .    c - +0 buckler
rNeg    + . .      Spirit   .    k - +0 plate armour
rPois   inf        Reflect  .    m - +2 helmet
rElec   +          Harm     .    (no cloak)
rCorr   .          Rampage  .    e - +0 pair of gloves
Will    .....                    i - +1 pair of boots
Stlth   ..........               (no amulet)
HPRegen 0.20/turn                h - ring of see invisible
MPRegen 0.12/turn                (no ring)

@: about to teleport, marked
A: sickness immunity, AC +7, negative energy resistance 1, electricity
resistance, torment resistance 1, petrification resistance
a: no special abilities


You were on level 7 of the Dungeon.
You visited 1 branch of the dungeon, and saw 7 of its levels.

You collected 369 gold pieces.


Innate Abilities, Weirdness & Mutations

You are immune to sickness and miasma.
Your stone body is resilient. (AC +7)
You are immune to poison.
You resist negative energy. (rN+)
You are resistant to electric shocks. (rElec)
You are resistant to unholy torment.
You are immune to petrification.


   Skills:
 - Level 7.1 Fighting
 - Level 10.5 Axes
 - Level 1.3 Throwing
 + Level 6.9 Armour
 - Level 2.0 Dodging
 - Level 4.0 Shields


You had 9 spell levels left.
You didn't know any spells.
Your spell library was empty.

Inventory:

Hand Weapons
 s - a +0 morningstar
 Y - a +2 war axe (weapon)
Armour
 c - a +0 buckler (worn)
 e - a +0 pair of gloves (worn)
 i - a +1 pair of boots (worn)
 k - a +0 plate armour (worn)
 m - a +2 helmet (worn)
Jewellery
 h - a ring of see invisible (left hand)
Wands
 b - a wand of digging (3)
Scrolls
 a - a scroll of identify
 p - a scroll of teleportation
Potions
 d - 3 potions of might
 f - 3 potions of curing
 g - a potion of resistance
 j - a potion of magic {unknown}
 n - 2 potions of berserk rage {unknown}
 o - a potion of haste
 q - a potion of mutation {unknown}

Dungeon Overview and Level Annotations

Branches:
Dungeon (7/15)             Temple (0/1) D:7

Altars:
Gozag
Kikubaaqudgha
Wu Jian

Annotations:
D:7 2 runed translucent doors, Dowan; qw's ghost, novice GrFi


Message History

The orc hits you but does no damage. The komodo dragon bites you.
You barely miss the orc.
The orc is severely wounded.
You barely miss the komodo dragon.
The howler monkey hoots and howls with incredible vigour!
The komodo dragon bites you but does no damage.
You slash the komodo dragon!
The komodo dragon is severely wounded.
You slash the slime creature!
The komodo dragon bites you but does no damage.
You closely miss the komodo dragon.
The komodo dragon is severely wounded.
You barely miss the slime creature.
The slime creature hits you but does no damage.
The komodo dragon hisses menacingly.
The komodo dragon bites you.
You barely miss the komodo dragon.
The komodo dragon is severely wounded.
You hit the slime creature. The komodo dragon bites you.
The slime creature hits you but does no damage.
You closely miss the komodo dragon.
The komodo dragon is severely wounded.
You slash the slime creature! The komodo dragon closely misses you.
The slime creature hits you but does no damage.
You hit the komodo dragon.
The komodo dragon is severely wounded.
You barely miss the slime creature. The slime creature closely misses you.
The komodo dragon bites you.
You hit the komodo dragon.
The komodo dragon is severely wounded.
You slash the slime creature! The komodo dragon bites you!
The slime creature hits you.
8690 ||| READING 2 scrolls of teleportation.
As you read the scroll of teleportation, it crumbles to dust.
You feel strangely unstable.
The slime creature hits you but does no damage.
The komodo dragon bites you!!
You die...

.......#####.######## #.#.# #..~
....[.)..).#.##../..###.#.# ###.
.####...##.#....###.....#.# ##
......####...####.####....#######
.###### ###.# ##...###.........#
...# #.# #......###........ ...#
#.###..#.....#.#####.#
+###########.##...###..#### #.#
.~~##.#......##J@###...'.### #.#
$}..#.#.######Yl...#..##...####.#
..#.#.#.# #O#).....#......##.#
(..##.#.# FoF###...##..#..###.#
#(#.# #.oJ. ###.#......#.#.#
#...# #..#e #####...##.#.#
####..##...## #.#'#.#..#.#
#.....##.. ##...###..#.#
#.##..#... #...##.......


You could see a slime creature, a two-headed ogre, a komodo dragon, a yak, 2
bullfrogs, a jelly and 2 orcs.

Vanquished Creatures
  Pikel (D:7)
  A yak (D:7)
  Menkaure (D:4)
  2 water moccasins (D:7)
  Pargi (D:3)
  A black bear (D:7)
  An ice beast (D:6)
  A sky beast (D:6)
  2 orc warriors (D:6)
  3 ogres
  A phantom (D:5)
  A lemure (D:7)
  3 bullfrogs (D:7)
  A kobold brigand (D:6)
  A gnoll sergeant (D:5)
  5 scorpions
  2 necrophages (D:7)
  3 wights (D:7)
  2 howler monkeys
  4 hounds
  6 jellies
  4 orc priests
  3 iguanas
  5 orc wizards
  14 gnolls
  5 adders
  9 river rats (D:6)
  2 shadow imps
  3 white imps
  A worm (D:2)
  2 dart slugs (D:2)
  29 orcs
  7 ball pythons
  8 endoplasms
  4 giant cockroaches
  10 goblins
  5 hobgoblins
  8 jackals
  17 kobolds
  13 quokkas
  2 bats (D:1)
  2 frilled lizards
  25 rats
221 creatures vanquished.

Notes
Turn   | Place    | Note
-------+----------+-------------------------------------------
     0 | D:1      | qw the Gargoyle Fighter began the quest for the Orb.
     0 | D:1      | Reached XP level 1. HP: 14/14 MP: 1/1
     0 | D:1      | 0 ||| qw: Version: 0.2-a-13-gfc7b4b4
     0 | D:1      | 0 ||| qw: Game counter: 1752
     0 | D:1      | 0 ||| qw: Always use a shield: true
     0 | D:1      | 0 ||| qw: God list: Okawaru
     0 | D:1      | 0 ||| qw: Allow faded altars: false
     0 | D:1      | 0 ||| qw: Do Orc after D:15 true
     0 | D:1      | 0 ||| qw: Do second Lair branch before Depths: true
     0 | D:1      | 0 ||| qw: Lair rune preference: random
     0 | D:1      | 0 ||| qw: Plans: Normal, Zot:1-4, God:TSO, Crypt, Tomb,
                  | Pan, Slime:5, Hells, Abyss, Orb
     0 | D:1      | 0 ||| PLANNING D:1-11
    41 | D:1      | 41 ||| Stepping ~*~*~tactically~*~*~ (stealth).
    42 | D:1      | 42 ||| Stepping ~*~*~tactically~*~*~ (stealth).
    65 | D:1      | 65 ||| Stepping ~*~*~tactically~*~*~ (stealth).
    76 | D:1      | Reached skill level 2 in Axes
    78 | D:1      | 78 ||| Stepping ~*~*~tactically~*~*~ (stealth).
    90 | D:1      | Reached XP level 2. HP: 9/19 MP: 2/2
   277 | D:1      | 277 ||| Stepping ~*~*~tactically~*~*~ (stealth).
   608 | D:1      | 608 ||| Stepping ~*~*~tactically~*~*~ (stealth).
   611 | D:1      | Reached skill level 3 in Axes
   618 | D:1      | Reached XP level 3. HP: 22/23 MP: 3/3
   704 | D:1      | 704 ||| Stepping ~*~*~tactically~*~*~ (stealth).
   705 | D:1      | 705 ||| Stepping ~*~*~tactically~*~*~ (stealth).
   706 | D:1      | 706 ||| Stepping ~*~*~tactically~*~*~ (stealth).
  1044 | D:1      | 1044 ||| UPGRADING to ring of see invisible.
  1045 | D:1      | 1045 ||| READING 3 scrolls labelled OMOASI QIRHUSI.
  1046 | D:1      | 1046 ||| READING scroll labelled JYPPAMA EROPI.
  1047 | D:1      | 1047 ||| READING scroll labelled ROX QEINKU.
  1148 | D:1      | 1148 ||| READING scroll labelled DUUWKU WONULI.
  1149 | D:1      | 1149 ||| READING 2 scrolls of identify.
  1149 | D:1      | 1149 ||| IDENTIFYING red potion
  1177 | D:2      | Found a faded altar of an unknown god.
  1207 | D:2      | 1207 ||| FLEEEEING.
  1208 | D:2      | 1208 ||| FLEEEEING.
  1358 | D:2      | Reached XP level 4. HP: 28/28 MP: 4/4
  1438 | D:2      | Reached skill level 4 in Axes
  1567 | D:2      | 1567 ||| Stepping ~*~*~tactically~*~*~ (stealth).
  1568 | D:2      | 1568 ||| Stepping ~*~*~tactically~*~*~ (stealth).
  1584 | D:2      | 1584 ||| Stepping ~*~*~tactically~*~*~ (hiding).
  1585 | D:2      | 1585 ||| Stepping ~*~*~tactically~*~*~ (hiding).
  1714 | D:2      | 1714 ||| Stepping ~*~*~tactically~*~*~ (stealth).
  1717 | D:2      | 1717 ||| Stepping ~*~*~tactically~*~*~ (stealth).
  1719 | D:2      | 1719 ||| Stepping ~*~*~tactically~*~*~ (stealth).
  1759 | D:2      | 1759 ||| DROPPING +0 whip.
  2087 | D:2      | Reached XP level 5. HP: 20/32 MP: 5/5
  2432 | D:2      | 2432 ||| UPGRADING to +0 pair of boots.
  2437 | D:2      | 2437 ||| UPGRADING to +2 helmet.
  2442 | D:2      | 2442 ||| READING scroll labelled ZETAISHRURI.
  2689 | D:3      | 2689 ||| READING scroll of enchant armour.
  2689 | D:3      | 2689 ||| ENCHANTING +0 pair of boots.
  2747 | D:3      | Reached skill level 5 in Axes
  2747 | D:3      | 2747 ||| Stepping ~*~*~tactically~*~*~ (hiding).
  3206 | D:3      | Noticed Pargi
  3232 | D:3      | Killed Pargi
  3233 | D:3      | Reached XP level 6. HP: 19/38 MP: 6/6
  3465 | D:3      | 3465 ||| DROPPING +1 hat.
  3466 | D:3      | 3466 ||| READING scroll labelled TOHENGI BYTZ.
  3467 | D:3      | 3467 ||| READING scroll labelled SYELAH NENLYCYFOSH.
  3529 | D:3      | 3529 ||| READING scroll labelled URAICZ LARRI.
  3533 | D:3      | 3533 ||| DRINKING 2 clear potions.
  3534 | D:3      | 3534 ||| DRINKING 2 bubbling red potions.
  3535 | D:3      | 3535 ||| DROPPING potion of degeneration.
  3571 | D:4      | 3571 ||| STAIRDANCE
  3637 | D:4      | 3637 ||| READING scroll of enchant weapon.
  3637 | D:4      | 3637 ||| ENCHANTING +1 war axe.
  3675 | D:4      | 3675 ||| Stepping ~*~*~tactically~*~*~ (stealth).
  3715 | D:4      | 3715 ||| Stepping ~*~*~tactically~*~*~ (stealth).
  3751 | D:4      | 3751 ||| Stepping ~*~*~tactically~*~*~ (hiding).
  3762 | D:4      | 3762 ||| DRINKING 3 potions of curing.
  3762 | D:4      | 3762 ||| (to cure confusion)
  3766 | D:4      | Reached XP level 7. HP: 18/43 MP: 7/7
  3767 | D:4      | Reached skill level 6 in Axes
  4010 | D:4      | HP: 8/43 [ogre/+0 giant spiked club (18)]
  4011 | D:4      | 4011 ||| READING scroll of teleportation.
  4315 | D:4      | Noticed Menkaure
  4319 | D:4      | HP: 10/43 [Menkaure (3)]
  4321 | D:4      | Killed Menkaure
  4322 | D:4      | Reached skill level 7 in Axes
  4416 | D:4      | 4416 ||| FLEEEEING.
  4417 | D:4      | 4417 ||| FLEEEEING.
  4418 | D:4      | 4418 ||| FLEEEEING.
  4419 | D:4      | 4419 ||| FLEEEEING.
  4420 | D:4      | 4420 ||| FLEEEEING.
  4421 | D:4      | 4421 ||| FLEEEEING.
  4422 | D:4      | 4422 ||| FLEEEEING.
  4423 | D:4      | 4423 ||| FLEEEEING.
  4424 | D:4      | 4424 ||| FLEEEEING.
  4425 | D:4      | 4425 ||| FLEEEEING.
  4427 | D:4      | 4427 ||| STAIRDANCE
  4554 | D:3      | 4554 ||| UPGRADING to +0 plate armour.
  4564 | D:3      | 4564 ||| DROPPING +0 scale mail.
  4565 | D:3      | 4565 ||| READING 2 scrolls of identify.
  4565 | D:3      | 4565 ||| IDENTIFYING bubbling clear potion
  4610 | D:4      | 4610 ||| Stepping ~*~*~tactically~*~*~ (stealth).
  4615 | D:4      | 4615 ||| Stepping ~*~*~tactically~*~*~ (stealth).
  4780 | D:4      | Reached XP level 8. HP: 48/48 MP: 8/8
  4958 | D:4      | 4958 ||| Stepping ~*~*~tactically~*~*~ (stealth).
  4967 | D:4      | 4967 ||| Stepping ~*~*~tactically~*~*~ (stealth).
  5067 | D:4      | You fall into a shaft and drop 3 floors!
  5209 | D:6      | 5209 ||| Stepping ~*~*~tactically~*~*~ (hiding).
  5210 | D:6      | 5210 ||| Stepping ~*~*~tactically~*~*~ (stealth).
  5211 | D:6      | 5211 ||| Stepping ~*~*~tactically~*~*~ (stealth).
  5254 | D:6      | 5254 ||| Stepping ~*~*~tactically~*~*~ (hiding).
  5256 | D:6      | 5256 ||| Stepping ~*~*~tactically~*~*~ (hiding).
  5257 | D:6      | 5257 ||| Stepping ~*~*~tactically~*~*~ (hiding).
  5278 | D:6      | HP: 8/49 [orc warrior/+0 short sword (7)]
  5279 | D:6      | 5279 ||| DRINKING potion of heal wounds.
  5281 | D:6      | Reached skill level 8 in Axes
  5428 | D:6      | 5428 ||| READING scroll labelled NEBBIG AFYST.
  5437 | D:5      | Entered Level 5 of the Dungeon
  5438 | D:5      | 5438 ||| Stepping ~*~*~tactically~*~*~ (hiding).
  5688 | D:5      | Found an ornate altar of the Wu Jian Council.
  5718 | D:5      | Reached skill level 6 in Fighting
  5741 | D:5      | 5741 ||| UPGRADING to +0 pair of gloves.
  5746 | D:5      | 5746 ||| DRINKING 2 glowing cyan potions.
  5747 | D:5      | 5747 ||| DROPPING potion of flight.
  5789 | D:4      | 5789 ||| Stepping ~*~*~tactically~*~*~ (stealth).
  5806 | D:4      | 5806 ||| FLEEEEING.
  5807 | D:4      | 5807 ||| FLEEEEING.
  6021 | D:4      | 6021 ||| READING scroll labelled CUNNEA QEWNUTS.
  6050 | D:5      | 6050 ||| STAIRDANCE
  6101 | D:5      | Found an opulent altar of Gozag.
  6133 | D:5      | Reached skill level 6 in Armour
  6133 | D:5      | Reached XP level 9. HP: 31/55 MP: 9/9
  6271 | D:5      | 6271 ||| DROPPING +0 vorpal flail.
  6652 | D:5      | 6652 ||| READING scroll labelled GAONTAJULL.
  6834 | D:6      | 6834 ||| Stepping ~*~*~tactically~*~*~ (stealth).
  6836 | D:6      | 6836 ||| Stepping ~*~*~tactically~*~*~ (stealth).
  6838 | D:6      | 6838 ||| Stepping ~*~*~tactically~*~*~ (stealth).
  6955 | D:6      | Reached skill level 1 in Throwing
  7188 | D:6      | 7188 ||| Stepping ~*~*~tactically~*~*~ (stealth).
  7230 | D:6      | 7230 ||| Stepping ~*~*~tactically~*~*~ (hiding).
  7254 | D:6      | Reached skill level 9 in Axes
  7265 | D:6      | 7265 ||| Stepping ~*~*~tactically~*~*~ (stealth).
  7354 | D:6      | 7354 ||| Stepping ~*~*~tactically~*~*~ (stealth).
  7372 | D:6      | 7372 ||| Stepping ~*~*~tactically~*~*~ (stealth).
  7642 | D:6      | 7642 ||| READING 2 scrolls of identify.
  7642 | D:6      | 7642 ||| IDENTIFYING sedimented dark potion
  7717 | D:7      | 7717 ||| Stepping ~*~*~tactically~*~*~ (stealth).
  7740 | D:7      | Found a large runed translucent door.
  7740 | D:7      | Found a large runed translucent door.
  7742 | D:7      | Noticed qw's ghost (novice GrFi)
  7990 | D:7      | Found a staircase to the Ecumenical Temple.
  8086 | D:7      | 8086 ||| Stepping ~*~*~tactically~*~*~ (stealth).
  8087 | D:7      | Noticed a manticore
  8088 | D:7      | 8088 ||| Stepping ~*~*~tactically~*~*~ (stealth).
  8090 | D:7      | 8090 ||| Stepping ~*~*~tactically~*~*~ (hiding).
  8106 | D:7      | HP: 8/57 [manticore (9)]
  8107 | D:7      | 8107 ||| READING 3 scrolls of teleportation.
  8108 | D:7      | 8108 ||| DRINKING potion of heal wounds.
  8321 | D:7      | Noticed Pikel
  8341 | D:7      | Killed Pikel
  8342 | D:7      | Reached skill level 10 in Axes
  8342 | D:7      | Reached XP level 10. HP: 54/63 MP: 10/10
  8582 | D:7      | Found an ancient bone altar of Kikubaaqudgha.
  8623 | D:7      | 8623 ||| Stepping ~*~*~tactically~*~*~ (stealth).
  8624 | D:7      | 8624 ||| Stepping ~*~*~tactically~*~*~ (stealth).
  8664 | D:7      | 8664 ||| Stepping ~*~*~tactically~*~*~ (stealth).
  8672 | D:7      | Noticed a two-headed ogre
  8675 | D:7      | Noticed Dowan
  8676 | D:7      | 8676 ||| Stepping ~*~*~tactically~*~*~ (hiding).
  8689 | D:7      | HP: 14/63 [slime creature (3)]
  8690 | D:7      | 8690 ||| READING 2 scrolls of teleportation.
  8690 | D:7      | Slain by a komodo dragon

Levels and vault maps discovered:
D:1:      saegor_arrival_simple_d, layout_loops_ring
D:2:      layout_basic, chequers_ecumenical_altar_island
D:3:      layout_loops_ring, uniq_pargi
D:4:      minmay_angry_zag, layout_loops_ring, minmay_cupped, uniq_menkaure
D:5:      layout_cave_pods, nzn_wu_jian_contemplation,
          nicolae_gozag_cash_rules_everything_around_me,
          chequers_serial_rivers_marsh
D:6:      lemuel_ratsnest, layout_basic, hangedman_abyss_or_decor_stagger
D:7:      minmay_slanted_spiral_squares, layout_basic, kiku_gazebo_pond_becter,
          temple_doors_e, ebering_ghost_disaster_area, grunt_decor_resistance,
          uniq_duvessa, uniq_pikel

Skill      XL: |  1  2  3  4  5  6  7  8  9 |
---------------+----------------------------+-----
Axes           | 2 3 4 5 7 8 10 | 10.5
Fighting       | 4 6 7 |  7.1
Dodging        | 2 |  2.0
Armour         | 4 6 |  6.9
Throwing       | 1 |  1.3
Shields        | 4 |  4.0

Action                   |  1- 3 |  4- 6 |  7- 9 | 10-12 || total
-------------------------+-------+-------+-------+-------++-------
Melee: War axe           |    94 |   159 |   419 |    32 ||   704
Throw: Boomerang         |       |       |    29 |       ||    29
  Use: Scroll            |     5 |     6 |     7 |     1 ||    19
       Potion            |       |     3 |     3 |       ||     6
Armor: Scale mail        |    47 |   112 |    13 |       ||   172
       Plate armour      |       |       |   279 |    15 ||   294
Dodge: Dodged            |    41 |    92 |   123 |     7 ||   263
Block: Buckler           |    14 |    36 |    80 |     4 ||   134

Table legend:
 A = Non-vault XP
 B = Vault XP
 C = Vault XP percentage of total XP
 D = Non-vault monster count
 E = Vault monster count
 F = Vault count percentage of total count
                 A         B        C        D         E       F
            +---------+---------+-------+---------+---------+-------
      Total |    3449 |    2045 |  37.2 |     165 |      55 |  25.0
            +---------+---------+-------+---------+---------+-------
        D:1 |      44 |       0 |   0.0 |      27 |       0 |   0.0
        D:2 |     132 |       0 |   0.0 |      28 |       0 |   0.0
        D:3 |     121 |     138 |  53.3 |      18 |       1 |   5.3
        D:4 |     542 |     479 |  46.9 |      39 |      11 |  22.0
        D:5 |     507 |       0 |   0.0 |      13 |       0 |   0.0
        D:6 |    1159 |     318 |  21.5 |      27 |      37 |  57.8
        D:7 |     944 |    1110 |  54.0 |      13 |       6 |  31.6
            +---------+---------+-------+---------+---------+-------
